 Dungeon Crawl Stone Soup version 0.19.1 (webtiles) character file.

4025 CountDeLaPain the Grappler (level 10, -4/92 HPs)
             Began as a Troll Hunter on Nov 27, 2016.
             Was an Initiate of Okawaru.
             Slain by an unseen horror (5 damage)
             ... on level 9 of the Dungeon.
             The game lasted 00:23:59 (5832 turns).

CountDeLaPain the Grappler (Troll Hunter)           Turns: 5832, Time: 00:24:00

Health: -4/92      AC:  6    Str: 22    XL:     10   Next: 4%
Magic:  9/9        EV: 15    Int:  8    God:    Okawaru [......]
Gold:   354        SH:  0    Dex: 12    Spells: 0 memorised, 9 levels left

rFire  . . .     SeeInvis .       - Unarmed
rCold  . . .     Gourm    +     b - +0 robe
rNeg   . . .     Faith    .     (no shield)
rPois  .         Spirit   .     (helmet restricted)
rElec  .         Reflect  .     h - +0 cloak
rCorr  .         Harm     .     (gloves unavailable)
MR     .....                    (boots unavailable)
Stlth  +.........               (no amulet)
                                (no ring)
                                x - +3 ring of evasion

@: no status effects
A: unfitting armour, claws 3, fast metabolism 3, gourmand, regeneration 1,
shaggy fur 1, tough skin 2
a: Renounce Religion


You were on level 9 of the Dungeon.
You worshipped Okawaru.
Okawaru was noncommittal.
You were completely stuffed.

You visited 2 branches of the dungeon, and saw 10 of its levels.

You collected 354 gold pieces.

Inventory:

Hand Weapons
 a - a +0 short sword
Missiles
 c - 3 large rocks (quivered)
 d - 2 throwing nets
Armour
 b - a +0 robe (worn)
 h - a +0 cloak (worn)
Jewellery
 p - an uncursed amulet of faith {unknown}
 x - a +3 ring of evasion (left claw)
 K - the ring "Juamynic" {*Tele MP+9 Str-3 Dex+3, unknown}
   (You took it off an orc on level 8 of the Dungeon)

   [ring of teleportation]

   It may teleport you next to monsters.
   It affects your strength (-3).
   It affects your dexterity (+3).
   It affects your magic capacity (+9).
 L - an uncursed ring of poison resistance {unknown}
Wands
 n - a wand of lightning (5/15)
 D - a wand of teleportation (5/9)
 I - a wand of random effects (21/48)
 J - a wand of teleportation (1/9)
Scrolls
 e - 3 scrolls of noise
 i - 2 scrolls of blinking
 l - 2 scrolls of magic mapping {unknown}
 o - 2 scrolls of remove curse {unknown}
 q - 2 scrolls of recharging {unknown}
 s - 2 scrolls of enchant weapon {unknown}
 v - a scroll of amnesia
 w - 5 scrolls of identify
 y - 3 scrolls of teleportation
 B - a scroll of immolation {unknown}
 E - a scroll of silence {unknown}
 F - a scroll of brand weapon {unknown}
Potions
 j - 2 potions of curing
 m - 4 potions of mutation
 r - 3 potions of brilliance
 t - 2 potions of degeneration
 u - a potion of beneficial mutation {unknown}
 z - a potion of lignification {unknown}
 A - a potion of heal wounds {unknown}
 C - 2 potions of resistance {unknown}
 G - a potion of invisibility {unknown}
Comestibles
 f - 9 bread rations
 g - 2 meat rations
 k - a slice of pizza
 H - 4 fruits
 M - 4 chunks of flesh


   Skills:
 + Level 3.8 Fighting
 + Level 5.8 Throwing
 + Level 6.2 Dodging
 - Level 0.3 Stealth
 + Level 10.6 Unarmed Combat


You had 9 spell levels left.
You didn't know any spells.

Dungeon Overview and Level Annotations

Branches:
Dungeon (9/15)             Temple (1/1) D:7
   Lair: D:8-11         Orc: D:9-12

Altars:
Ashenzari
Elyvilon
Gozag
Hepliaklqana
Nemelex Xobeh
Okawaru
Uskayaw
Xom

Shops:
D:6 (   D:8 *


Innate Abilities, Weirdness & Mutations

You are too large for most types of armour.
You have claws for hands.
Your metabolism is lightning-fast.
You like to eat raw meat.
Your natural rate of healing is unusually fast.
You are covered in fur. (AC +1)
You have very tough skin. (AC +2)


Message History

* * * LOW HITPOINT WARNING * * *
Something barely misses you. Something hits you.
* * * LOW HITPOINT WARNING * * *
Something hits you!
* * * LOW HITPOINT WARNING * * *
There is an open door here.
Something closely misses you. Something barely misses you. Something hits you.
* * * LOW HITPOINT WARNING * * *
Something hits you.
* * * LOW HITPOINT WARNING * * *
Something hits you but does no damage.
You feel better. Something hits you.
* * * LOW HITPOINT WARNING * * *
Something hits you!
* * * LOW HITPOINT WARNING * * *
Something hits you.
You die...

.......###..........#
.......#.......<....#
.......+ #..........#
..)....# #..........#
<......# #..........#
.......# #####.######
##'##### #..# #..#
####'#### ###'###
####.#..@..#
......###..'.#.###.#
......#...##...#.#.#
......'.####.###.#.#
......### #...#...#
......# ###.#.#.#
......# #.....#.#
......# #########
#######


There were no monsters in sight!

Vanquished Creatures
  The ghost of Larett the Fighter, a novice GrFi (D:6)
  A troll (D:8)
  A hippogriff (D:7)
  A hungry ghost (D:7)
  An ice beast (D:5)
  An orc warrior (D:6)
  2 sky beasts
  2 phantoms
  4 ogres
  3 centaurs
  A big kobold (D:6)
  5 bullfrogs
  6 scorpions
  6 killer bees (D:8)
  5 crimson imps
  An orc priest (D:6)
  7 hounds
  3 orc wizards
  A bullfrog skeleton (D:8)
  An iguana (D:7)
  4 worker ants
  A hound zombie (D:5)
  A hound skeleton (D:6)
  11 adders
  2 shadow imps
  2 oozes (D:1)
  An adder zombie (D:5)
  4 worms
  A dart slug (D:2)
  A leopard gecko (D:7)
  27 orcs
  6 bats
  9 giant cockroaches
  16 goblins
  2 hobgoblins
  10 jackals
  5 quokkas
  4 frilled lizards
  A jackal skeleton (D:4)
  9 kobolds
  A leopard gecko skeleton (D:4)
  7 rats
178 creatures vanquished.

Notes
Turn   | Place    | Note
-------+----------+-------------------------------------------
     0 | D:1      | CountDeLaPain the Troll Hunter began the quest for the Orb.
     0 | D:1      | Reached XP level 1. HP: 19/19 MP: 0/0
   165 | D:1      | Reached XP level 2. HP: 26/27 MP: 1/1
   593 | D:2      | Reached XP level 3. HP: 27/35 MP: 2/2
   669 | D:2      | Reached skill level 1 in Unarmed Combat
  1056 | D:3      | Reached XP level 4. HP: 31/42 MP: 3/3
  1145 | D:3      | Found a hide-covered altar of Uskayaw.
  1189 | D:3      | Found a shattered altar of Ashenzari.
  1192 | D:3      | Noticed a phantom
  1238 | D:3      | Killed a phantom
  1238 | D:3      | Reached skill level 2 in Unarmed Combat
  1238 | D:3      | Reached XP level 5. HP: 29/49 MP: 4/4
  1313 | D:3      | Reached skill level 3 in Unarmed Combat
  1794 | D:4      | Found a shimmering altar of Xom.
  1862 | D:4      | Reached XP level 6. HP: 51/57 MP: 5/5
  2056 | D:4      | Reached skill level 4 in Unarmed Combat
  2344 | D:5      | Entered Level 5 of the Dungeon
  2367 | D:5      | Found a white marble altar of Elyvilon.
  2555 | D:5      | Reached XP level 7. HP: 65/65 MP: 6/6
  2612 | D:5      | Reached skill level 5 in Unarmed Combat
  2663 | D:5      | Reached skill level 5 in Throwing
  3113 | D:6      | Noticed Larett's ghost (novice GrFi)
  3139 | D:5      | You fall through a shaft for 3 floors!
  3145 | D:8      | Reached skill level 6 in Unarmed Combat
  3145 | D:8      | Reached XP level 8. HP: 44/74 MP: 7/7
  3169 | D:8      | Noticed a troll
  3177 | D:8      | Killed a troll
  3515 | D:7      | Noticed a hippogriff
  3521 | D:7      | Reached skill level 7 in Unarmed Combat
  3524 | D:7      | Killed a hippogriff
  3524 | D:7      | Reached skill level 5 in Dodging
  3781 | D:6      | Reached skill level 8 in Unarmed Combat
  3803 | D:6      | Reached XP level 9. HP: 47/83 MP: 8/8
  4196 | D:6      | Found Fylel's Antique Weapon Shoppe.
  4267 | D:6      | Killed Larett's ghost
  4267 | D:6      | Reached skill level 9 in Unarmed Combat
  4862 | D:7      | Found a staircase to the Ecumenical Temple.
  4868 | Temple   | Entered the Ecumenical Temple
  4882 | Temple   | Became a worshipper of Warmaster Okawaru
  5104 | D:8      | Reached skill level 10 in Unarmed Combat
  5137 | D:8      | Got a serpentine ivory ring
  5471 | D:8      | Found Hevymix's Assorted Antiques.
  5633 | D:8      | Found a sparkling altar of Nemelex Xobeh.
  5708 | D:8      | Reached XP level 10. HP: 92/92 MP: 9/9
  5831 | D:9      | HP: 4/92 [something (6)]
  5832 | D:9      | HP: 1/92 [something (7)]
  5832 | D:9      | Slain by an unseen horror

Skill      XL: |  1  2  3  4  5  6  7  8  9 |
---------------+----------------------------+-----
Throwing       | 4 5 |  5.8
Unarmed Combat | 1 2 3 4 6 8 10 | 10.6
Dodging        | 2 3 4 5 6 |  6.2
Fighting       | 2 3 |  3.8
Stealth        | |  0.3

Action                   |  1- 3 |  4- 6 |  7- 9 | 10-12 || total
-------------------------+-------+-------+-------+-------++-------
Melee: Unarmed           |   116 |   148 |   294 |     8 ||   566
       Punch             |       |       |    12 |     1 ||    13
Throw: Large rock        |     7 |    12 |    15 |     1 ||    35
  Use: Scroll            |       |     3 |     6 |       ||     9
       Potion            |       |       |       |     1 ||     1
 Stab: Sleeping          |     1 |       |       |       ||     1
  Eat: Chunk             |    15 |    14 |    36 |     1 ||    66
Armor: Robe              |    48 |    94 |    72 |     7 ||   221
Dodge: Dodged            |    69 |   132 |   186 |    11 ||   398
